 Dungeon Crawl Stone Soup version 0.16.1-51-g6203257 (webtiles) character file.

700 garuda the Covert (level 7, 0/41 HPs)
             Began as a Kobold Assassin on July 29, 2015.
             Was an Initiate of Nemelex Xobeh.
             Slain by a centaur (1 damage)
             ... on level 5 of the Dungeon.
             The game lasted 00:19:39 (4594 turns).

garuda the Covert (Kobold Assassin)                 Turns: 4594, Time: 00:19:41

Health: 0/41       AC:  5    Str:  7 (10) XL:     7   Next: 98%
Magic:  10/10      EV: 19    Int:  7      God:    Nemelex Xobeh [......]
Gold:   170        SH:  0    Dex: 21      Spells: 0 memorised, 6 levels left

rFire  . . .     SeeInvis .     A - +1 dagger (venom)
rCold  . . .     Clarity  .     c - +0 robe
rNeg   . . .     SustAb   .     (no shield)
rPois  .         Gourm    .     (no helmet)
rElec  .         Spirit   .     F - +2 cloak {+Inv}
rCorr  .         Warding  .     (no gloves)
rMut   .         Stasis   .     (no boots)
MR     .....                    (no amulet)
Stlth  +++++.....               (no ring)
                                (no ring)

@: lethally poisoned (0 -> -35), not resistant to hostile enchantments, quite
stealthy
A: carnivore 3
a: Renounce Religion, Evoke Invisibility


You were on level 5 of the Dungeon.
You worshipped Nemelex Xobeh.
Nemelex Xobeh was noncommittal.
You were very full.

You visited 2 branches of the dungeon, and saw 6 of its levels.

You collected 273 gold pieces.
You spent 103 gold pieces at shops.

Inventory:

Hand weapons
 a - a +2 dagger
 b - a +0 blowgun
 j - a +1 whip of draining
 A - a +1 dagger of venom (weapon)
Missiles
 e - 17 poisoned needles
 f - 2 curare-tipped needles
 x - a throwing net
 G - 2 poisoned tomahawks (quivered)
Armour
 c - a +0 robe (worn)
 d - a +0 cloak
 F - a +2 cloak of invisibility (worn)
Jewellery
 m - an uncursed ring of magical power {unknown}
 n - an uncursed ring of teleportation
 y - an uncursed ring of sustain abilities {unknown}
Magical devices
 p - a wand of frost (0)
 v - a wand of enslavement (0)
Scrolls
 h - 3 scrolls of recharging
 k - a scroll of random uselessness
 l - 4 scrolls of identify
 z - 3 scrolls of amnesia
 C - a scroll of noise {unknown}
 E - 2 scrolls of teleportation
 I - a scroll of enchant weapon {unknown}
Potions
 i - a potion of haste
 q - a potion of agility
 r - a potion of cure mutation {unknown}
 s - a potion of brilliance {unknown}
 t - a potion of mutation {unknown}
 u - a potion of heal wounds {unknown}
 B - a potion of degeneration
Comestibles
 g - 4 meat rations
 w - a slice of pizza
 D - a beef jerky
 H - 2 chunks of flesh


   Skills:
 + Level 3.3 Fighting
 + Level 4.2 Short Blades
 + Level 3.5 Throwing
 + Level 5.4 Dodging
 + Level 8.6 Stealth
 * Level 3.3 Evocations


You had 6 spell levels left.
You didn't know any spells.

Dungeon Overview and Level Annotations

Branches:
Dungeon (5/15)             Temple (1/1) D:4

Altars:
Cheibriados
Dithmenos
Elyvilon
Fedhas
Gozag
Kikubaaqudgha
Nemelex Xobeh
Okawaru
Qazlal
Ru
Sif Muna
Vehumet
Xom
Yredelemnul
Zin
The Shining One

Shops:
D:5 [


Innate Abilities, Weirdness & Mutations

You are small and have problems with some larger weapons.
You are carnivorous and can eat meat at any time.


Message History

You start resting.
You feel sick.
You feel sick. x3
The centaur shoots a poisoned arrow.
The poisoned arrow hits you!
* * * LOW HITPOINT WARNING * * *
You are more poisoned.
Drink which item? (? for menu, Esc to quit)
It was a potion of degeneration.
There was something very wrong with that liquid.
You feel weakened.
* * * LOW HITPOINT WARNING * * *
You feel sick.
Drink which item? (? for menu, Esc to quit)
It was a potion of poison.
That liquid tasted very nasty...
You are more poisoned.
* * * LOW HITPOINT WARNING * * *
You feel very sick.
The centaur unwields an uncursed shortbow.
The centaur completely misses you. The centaur hits you.
You die...
Your body disappears without a glow.

######### ####.......######
#...............#
#.##.#####.####.# .
#.##........# #.# .#
#.########..# #.# .# #.# #_.#
#.# .# #.# #.@# #.# .# #)#
#[c###.###.####.. #.#
#####.((......c...... #.#
#......###...........# #.#
#.##########..######. #.#
#...........#)######
#.####.##########..##...#
###..#...######## #.......#
#..P.P.............#.##...####


You could see a centaur.

Vanquished Creatures
  2 ogres (D:5)
  A crimson imp (D:5)
  A centaur skeleton (D:5)
  An iguana (D:5)
  3 orc wizards
  Natasha (D:3)
  3 worker ants
  A hound zombie (D:5)
  3 gnolls (D:2)
  5 adders
  A giant mite (D:2)
  A giant eyeball (D:5)
  6 worms
  An ooze (D:2)
  14 orcs
  6 giant cockroaches
  6 goblins
  7 hobgoblins
  4 kobolds
  5 quokkas
  A ball python (D:1)
  A ball python skeleton (D:5)
  7 bats
  3 giant geckos
  3 giant newts
  9 jackals
  8 rats
  A plant (D:5)
105 creatures vanquished.

Vanquished Creatures (collateral kills)
  A hound (D:5)
  A giant frog skeleton (D:5)
  An iguana (D:5)
  A bat zombie (D:5)
  A goblin (D:5)
5 creatures vanquished.

Grand Total: 110 creatures vanquished

Notes
Turn   | Place    | Note
--------------------------------------------------------------
     0 | D:1      | garuda, the Kobold Assassin, began the quest for the Orb.
     0 | D:1      | Reached XP level 1. HP: 12/12 MP: 1/1
   289 | D:1      | Reached XP level 2. HP: 6/18 MP: 2/2
   613 | D:1      | Reached skill level 6 in Stealth
   735 | D:2      | Reached XP level 3. HP: 18/22 MP: 3/3
  1223 | D:2      | Reached XP level 4. HP: 19/27 MP: 4/4
  1549 | D:2      | Reached skill level 7 in Stealth
  1649 | D:2      | Reached XP level 5. HP: 28/31 MP: 5/5
  2486 | D:3      | Reached XP level 6. HP: 36/36 MP: 6/6
  2725 | D:3      | Noticed Natasha
  2749 | D:3      | Killed Natasha
  2964 | D:4      | Found an iron altar of Okawaru.
  3084 | D:4      | Found a snail-covered altar of Cheibriados.
  3154 | D:4      | Reached skill level 8 in Stealth
  3537 | D:4      | Found a staircase to the Ecumenical Temple.
  3544 | Temple   | Entered the Ecumenical Temple
  3725 | D:5      | Entered Level 5 of the Dungeon
  3737 | D:5      | Found a sparkling altar of Nemelex Xobeh.
  3743 | D:5      | Became a worshipper of Nemelex Xobeh the Trickster
  3808 | D:5      | Found Fiozio's Antique Armour Boutique.
  3813 | D:5      | Bought a glowing cloak for 103 gold pieces
  3840 | D:5      | Received a gift from Nemelex Xobeh
  3875 | D:5      | Reached XP level 7. HP: 41/41 MP: 7/7
  3887 | D:5      | Reached skill level 1 in Evocations
  3899 | D:5      | Drew Focus: Dex increased to 20, Int decreased to 8
  4069 | D:5      | Drew Focus: Dex increased to 21, Int decreased to 7
  4190 | D:5      | Reached skill level 5 in Dodging
  4412 | D:5      | Paralysed by a giant eyeball for 2 turns
  4416 | D:5      | Paralysed by a giant eyeball for 4 turns
  4559 | D:5      | Found a white marble altar of Elyvilon.
  4594 | D:5      | HP: 1/41 [poison (a potion of poison)]
  4594 | D:5      | Slain by a centaur

Action                   |  1- 3 |  4- 6 |  7- 9 || total
-------------------------+-------+-------+-------++-------
Melee: Dagger            |    85 |   260 |   176 ||   521
 Fire: Blowgun           |       |       |    15 ||    15
Throw: Tomahawk          |       |     3 |     8 ||    11
       Throwing net      |       |     1 |     1 ||     2
Evoke: Deck              |       |     2 |    11 ||    13
       Wand              |       |       |     3 ||     3
  Use: Scroll            |       |     8 |       ||     8
       Potion            |       |     3 |     4 ||     7
 Stab: Sleeping          |     7 |    17 |       ||    24
       Distracted        |       |     2 |       ||     2
       Held in net/web   |       |       |     1 ||     1
  Eat: Chunk             |     4 |    13 |     2 ||    19
